 Dungeon Crawl Stone Soup version 0.31-a0-237-g2d982f9f85 (webtiles) character file.

Game seed: 1858361667149257099

1235 qw the Skirmisher (level 8, 0/70 HPs)
             Began as a Minotaur Hexslinger on July 10, 2023.
             Slain by a gnoll sergeant
             ... wielding a +5 trident of protection
              (4 damage)
             ... on level 6 of the Dungeon.
             The game lasted 00:02:08 (5155 turns).

qw the Skirmisher (Minotaur Hexslinger)             Turns: 5155, Time: 00:02:09

Health: 0/70       AC:  6    Str: 13    XL:     8   Next: 24%
Magic:  8/8        EV: 11    Int: 10    God:
Gold:   261        SH:  5    Dex: 15    Spells: 8/9 levels left

rFire   . . .        Y - +1 sling (freeze)
rCold   + . .        (no shield)
rNeg    . . .        e - +0 ring mail
rPois   .            (helmet restricted)
rElec   .            (no cloak)
rCorr   .            f - +0 pair of gloves
SInv    +            (no boots)
Will    .....        j - amulet of reflection
Stlth   +            i - ring of see invisible
HPRegen 0.31/turn    b - ring of protection from cold
MPRegen 0.11/turn

%: reflection
@: no status effects
A: horns 2, retaliatory headbutt
a: no special abilities


You were on level 6 of the Dungeon.
You visited 1 branch of the dungeon, and saw 6 of its levels.

You collected 261 gold pieces.


Innate Abilities, Weirdness & Mutations

You have a pair of horns on your head.
You reflexively headbutt those who attack you in melee.


   Skills:
 - Level 6.1 Fighting
 + Level 9.1 Ranged Weapons
 - Level 2.1 Armour
 - Level 3.0 Dodging
 - Level 1.0 Spellcasting
 - Level 2.0 Hexes


You had 8 spell levels left.
You knew the following spells:

 Your Spells              Type           Power      Damage    Failure   Level
a - Slow                  Hex            16%        N/A       32%         1

Your spell library contained the following spells:

 Spells                   Type           Power      Damage    Failure   Level
 Inner Flame              Hex/Fire       2%         N/A       82%         3
 Portal Projectile        Hex/Tloc       4%         N/A       82%         3
 Cause Fear               Hex            2%         N/A       97%         4

Inventory:

Hand Weapons
 Y - a +1 sling of freezing (weapon)
Armour
 e - a +0 ring mail (worn)
 f - a +0 pair of gloves (worn)
Jewellery
 b - a ring of protection from cold (right hand)
 h - a ring of protection from fire
 i - a ring of see invisible (left hand)
 j - an amulet of reflection (around neck)
Scrolls
 a - a scroll of identify
Potions
 c - a potion of enlightenment {unknown}
 g - a potion of haste
 k - a potion of might

Dungeon Overview and Level Annotations

Branches:
Dungeon (6/15)
 Temple: D:4-7

Altars:
Makhleb
Qazlal
Uskayaw
The Shining One


Message History

The sling bullet hits the gnoll sergeant but does no damage.
The gnoll sergeant is lightly wounded.
The gnoll sergeant closely misses you.
You shoot a sling bullet.
The sling bullet hits the gnoll sergeant but does no damage.
The gnoll sergeant is lightly wounded.
The gnoll sergeant closely misses you.
You shoot a sling bullet.
The sling bullet barely misses the gnoll sergeant.
The sling bullet hits the gnoll.
The sling bullet freezes the gnoll.
The gnoll is lightly wounded.
The gnoll sergeant hits you from afar with a +5 trident of protection.
You shoot a sling bullet.
The sling bullet barely misses the gnoll sergeant.
The sling bullet hits the gnoll.
The sling bullet freezes the gnoll.
The gnoll is severely wounded.
The gnoll sergeant hits you from afar with a +5 trident of protection!
You shoot a sling bullet.
The sling bullet barely misses the gnoll sergeant.
The sling bullet hits the gnoll.
The sling bullet freezes the gnoll.
You kill the gnoll!
The gnoll sergeant hits you from afar with a +5 trident of protection.
You shoot a sling bullet.
The gnoll sergeant blocks the sling bullet.
You block the gnoll sergeant's attack.
You shoot a sling bullet.
The sling bullet hits the gnoll sergeant.
The sling bullet freezes the gnoll sergeant.
The gnoll sergeant is moderately wounded.
You block the gnoll sergeant's attack.
You shoot a sling bullet.
The sling bullet hits the gnoll sergeant but does no damage.
The gnoll sergeant is moderately wounded.
The gnoll sergeant hits you from afar with a +5 trident of protection!
You shoot a sling bullet.
The sling bullet hits the gnoll sergeant.
The sling bullet freezes the gnoll sergeant.
The gnoll sergeant is heavily wounded.
The gnoll sergeant hits you from afar with a +5 trident of protection.
You die...

#########
#.....).#
.......##
....g...#
#.....g.#
#g....Pg#
#g##
###..# #
#[.@.# .#
####.##.#
.##
#....# .#
..#
#.#### .#
#.# #.#
.# #.#
#.# .#
#.###.#
.#
#.....#
.#
#..####


You could see a gnoll sergeant and a gnoll.

Vanquished Creatures
  Grinder (D:5)
  Sigmund (D:5)
  A water moccasin (D:5)
  An ogre (D:5)
  An ice beast (D:5)
  2 bullfrogs (D:5)
  An orc priest (D:5)
  A sleepcap (D:3)
  3 hounds
  Ijyb (D:3)
  An orc wizard (D:5)
  2 iguanas
  6 gnolls
  7 adders
  3 ufetubi
  A worm (D:2)
  3 dart slugs
  6 orcs
  4 bats
  7 endoplasms
  3 giant cockroaches
  8 hobgoblins
  6 quokkas
  10 ball pythons
  4 frilled lizards
  5 goblins
  8 kobolds
  5 rats
102 creatures vanquished.

Notes
Turn   | Place    | Note
-------+----------+-------------------------------------------
     0 | D:1      | qw the Minotaur Hexslinger began the quest for the Orb.
     0 | D:1      | Reached XP level 1. HP: 16/16 MP: 1/1
     0 | D:1      | 0 ||| qw: Version: 0.3-a-52-g30416fa
     0 | D:1      | 0 ||| qw: Game counter: 4965
     0 | D:1      | 0 ||| qw: Melee chars always use a shield: true
     0 | D:1      | 0 ||| qw: God list: Okawaru
     0 | D:1      | 0 ||| qw: Allow faded altars: false
     0 | D:1      | 0 ||| qw: Do Orc after clearing Dungeon:15 true
     0 | D:1      | 0 ||| qw: Do second Lair branch before Depths: true
     0 | D:1      | 0 ||| qw: Lair rune preference: random
     0 | D:1      | 0 ||| qw: Goals: Normal
     0 | D:1      | 0 ||| PLANNING D:1-11
     8 | D:1      | Noticed a komodo dragon
     8 | D:1      | Noticed a swamp drake
     8 | D:1      | Noticed a polar bear
     9 | D:1      | Noticed a hog
    56 | D:1      | Found a faded altar of an unknown god.
    96 | D:1      | Reached skill level 3 in Ranged Weapons
    96 | D:1      | Reached XP level 2. HP: 21/23 MP: 2/2
   486 | D:1      | Reached XP level 3. HP: 29/29 MP: 3/3
   568 | D:1      | 568 ||| UPGRADING to +0 ring mail.
   578 | D:1      | 578 ||| DROPPING +0 robe.
   579 | D:1      | 579 ||| UPGRADING to ring of see invisible.
   580 | D:1      | 580 ||| READING 2 scrolls labelled IPNUBR EKOKKI.
   581 | D:1      | 581 ||| READING scroll labelled JYFAMPOEPS.
   682 | D:1      | 682 ||| DROPPING scroll of poison.
   937 | D:2      | You fall into a shaft and drop 2 floors!
   960 | D:4      | Reached skill level 4 in Ranged Weapons
  1063 | D:4      | Reached skill level 1 in Armour
  1079 | D:4      | 1079 ||| DROPPING ring of wizardry.
  1080 | D:4      | 1080 ||| DRINKING 2 puce potions.
  1115 | D:4      | 1115 ||| DROPPING potion of lignification.
  1121 | D:4      | 1121 ||| FLEEEEING.
  1122 | D:4      | 1122 ||| FLEEEEING.
  1123 | D:4      | 1123 ||| STAIRDANCE
  1134 | D:3      | Noticed Ijyb
  1163 | D:3      | HP: 5/29 [Ijyb/+0 club (4)]
  1170 | D:3      | HP: 4/29 [Ijyb/+0 club (3)]
  1187 | D:3      | Killed Ijyb
  1188 | D:3      | Reached XP level 4. HP: 10/36 MP: 4/4
  1371 | D:3      | Found a glowing golden altar of the Shining One.
  1428 | D:3      | Reached skill level 5 in Ranged Weapons
  1692 | D:3      | 1692 ||| UPGRADING to ring of protection from cold.
  1693 | D:3      | 1693 ||| READING scroll labelled RAIFRY NIS FICW.
  1694 | D:3      | 1694 ||| READING 2 scrolls labelled FIASHR GEPPO.
  1737 | D:2      | Found a stormy altar of Qazlal.
  1870 | D:2      | Reached XP level 5. HP: 42/42 MP: 5/5
  1993 | D:2      | 1993 ||| READING scroll labelled VURERGHOLEA.
  1994 | D:2      | 1994 ||| DRINKING 2 coppery potions.
  1995 | D:2      | 1995 ||| DROPPING potion of brilliance.
  2213 | D:3      | Found a hide-covered altar of Uskayaw.
  2315 | D:3      | 2315 ||| UPGRADING to +0 pair of gloves.
  2320 | D:3      | 2320 ||| READING scroll labelled FOPINA KERA.
  2402 | D:4      | Reached skill level 3 in Fighting
  2617 | D:4      | HP: 3/45 [iguana (11)]
  2618 | D:4      | 2618 ||| READING scroll of teleportation.
  2940 | D:4      | Found a burning altar of Makhleb.
  2948 | D:4      | Reached skill level 6 in Ranged Weapons
  3225 | D:4      | 3225 ||| READING scroll labelled GUOBAE GYUMEM.
  3226 | D:4      | 3226 ||| READING scroll labelled QUQUNOSKUA.
  3227 | D:4      | 3227 ||| DRINKING 2 smoky silvery potions.
  3230 | D:4      | 3230 ||| READING 4 scrolls of identify.
  3230 | D:4      | 3230 ||| IDENTIFYING cyan potion
  3231 | D:4      | 3231 ||| READING 3 scrolls of identify.
  3231 | D:4      | 3231 ||| IDENTIFYING emerald potion
  3232 | D:4      | 3232 ||| READING 2 scrolls of identify.
  3232 | D:4      | 3232 ||| IDENTIFYING smoky yellow potion
  3233 | D:4      | 3233 ||| DROPPING potion of ambrosia.
  3240 | D:5      | Entered Level 5 of the Dungeon
  3244 | D:5      | Reached XP level 6. HP: 51/51 MP: 6/6
  3252 | D:5      | 3252 ||| STAIRDANCE
  3651 | D:5      | Noticed an ice beast
  3659 | D:5      | Killed an ice beast
  3660 | D:5      | Reached skill level 7 in Ranged Weapons
  3722 | D:5      | Noticed Sigmund
  3738 | D:5      | Killed Sigmund
  3739 | D:5      | Reached XP level 7. HP: 42/59 MP: 7/7
  3739 | D:5      | 3739 ||| FLEEEEING.
  3740 | D:5      | 3740 ||| FLEEEEING.
  3741 | D:5      | 3741 ||| FLEEEEING.
  3742 | D:5      | 3742 ||| FLEEEEING.
  3743 | D:5      | 3743 ||| FLEEEEING.
  3744 | D:5      | 3744 ||| FLEEEEING.
  3745 | D:5      | 3745 ||| FLEEEEING.
  3746 | D:5      | 3746 ||| FLEEEEING.
  3747 | D:5      | 3747 ||| FLEEEEING.
  3748 | D:5      | 3748 ||| FLEEEEING.
  3749 | D:5      | 3749 ||| FLEEEEING.
  3750 | D:5      | 3750 ||| FLEEEEING.
  3751 | D:5      | 3751 ||| FLEEEEING.
  3752 | D:5      | 3752 ||| FLEEEEING.
  3753 | D:5      | 3753 ||| FLEEEEING.
  3754 | D:5      | 3754 ||| FLEEEEING.
  3755 | D:5      | 3755 ||| FLEEEEING.
  3756 | D:5      | 3756 ||| FLEEEEING.
  3757 | D:5      | 3757 ||| FLEEEEING.
  3758 | D:5      | 3758 ||| FLEEEEING.
  3759 | D:5      | 3759 ||| FLEEEEING.
  3760 | D:5      | 3760 ||| FLEEEEING.
  3761 | D:5      | 3761 ||| FLEEEEING.
  3762 | D:5      | 3762 ||| FLEEEEING.
  3763 | D:5      | 3763 ||| FLEEEEING.
  3764 | D:5      | 3764 ||| FLEEEEING.
  3766 | D:5      | 3766 ||| FLEEEEING.
  3767 | D:5      | 3767 ||| FLEEEEING.
  3768 | D:5      | 3768 ||| FLEEEEING.
  3769 | D:5      | 3769 ||| FLEEEEING.
  3770 | D:5      | 3770 ||| FLEEEEING.
  3771 | D:5      | 3771 ||| FLEEEEING.
  3772 | D:5      | 3772 ||| FLEEEEING.
  3773 | D:5      | 3773 ||| FLEEEEING.
  3774 | D:5      | 3774 ||| STAIRDANCE
  3795 | D:4      | 3795 ||| READING scroll labelled BEWKETZAOSK.
  3799 | D:5      | 3799 ||| STAIRDANCE
  3803 | D:4      | Reached skill level 8 in Ranged Weapons
  4137 | D:5      | Noticed Grinder
  4141 | D:5      | Paralysed by Grinder for 3 turns
  4151 | D:5      | HP: 11/59 [Grinder (6)]
  4152 | D:5      | 4152 ||| READING scroll of teleportation.
  4153 | D:5      | 4153 ||| DRINKING potion of heal wounds.
  4478 | D:5      | Paralysed by Grinder for 5 turns
  4483 | D:5      | 4483 ||| FLEEEEING.
  4484 | D:5      | 4484 ||| FLEEEEING.
  4490 | D:5      | 4490 ||| FLEEEEING.
  4499 | D:5      | 4499 ||| STAIRDANCE
  4545 | D:4      | 4545 ||| UPGRADING to amulet of reflection.
  4598 | D:5      | Killed Grinder
  4903 | D:6      | 4903 ||| PLANNING SEWER
  4909 | D:6      | 4909 ||| STAIRDANCE
  4917 | D:5      | Reached skill level 9 in Ranged Weapons
  4917 | D:5      | Reached XP level 8. HP: 42/70 MP: 8/8
  4922 | D:5      | Reached skill level 3 in Dodging
  5050 | D:6      | 5050 ||| STAIRDANCE
  5054 | D:5      | Reached skill level 6 in Fighting
  5134 | D:6      | 5134 ||| Stepping ~*~*~tactically~*~*~ (outnumbered).
  5136 | D:6      | 5136 ||| Stepping ~*~*~tactically~*~*~ (outnumbered).
  5151 | D:6      | HP: 16/70 [gnoll sergeant/+5 trident of protection (5)]
  5154 | D:6      | HP: 3/70 [gnoll sergeant/+5 trident of protection (14)]
  5155 | D:6      | Slain by a gnoll sergeant

Levels and vault maps discovered:
D:1:      onia_arrival_zoo_common, layout_basic,
          hellmonk_ecumenical_altar_pennies_from_heaven
D:2:      layout_rooms, basic_altar
D:3:      layout_basic, nicolae_uskayaw_suspiria, lemuel_crystal_altar,
          grunt_ministairs_7, uniq_ijyb
D:4:      layout_gridville, makhleb_heckhound_becter
D:5:      layout_layer_cave, uniq_sigmund, uniq_grinder
D:6:      layout_rooms, mainiacjoe_overflow_boulevard, portal_sewer_entry_d,
          interstate_on_off, uniq_crazy_yiuf_cottage

Skill      XL: |  1  2  3  4  5  6  7  8 |
---------------+-------------------------+-----
Ranged Weapons | 3 4 5 6 7 9 |  9.1
Fighting       | 2 3 4 5 6 |  6.1
Armour         | 1 2 |  2.1
Dodging        | 3 |  3.0
Spellcasting   | |  1.0
Hexes          | |  2.0

Action                     |  1- 3 |  4- 6 |  7- 9 || total
---------------------------+-------+-------+-------++-------
  Melee: Unarmed           |    42 |       |       ||    42
   Fire: Sling             |    98 |   208 |   126 ||   432
    Use: Scroll            |     2 |    10 |     2 ||    14
         Potion            |     1 |     2 |     1 ||     4
 Armour: Robe              |     2 |       |       ||     2
         Ring mail         |     8 |    44 |    12 ||    64
         Skin              |     1 |       |       ||     1
  Dodge: Dodged            |    59 |    74 |    34 ||   167
  Block: Other             |       |       |    14 ||    14

Table legend:
 A = Non-vault XP
 B = Vault XP
 C = Vault XP percentage of total XP
 D = Non-vault monster count
 E = Vault monster count
 F = Vault count percentage of total count
                 A         B        C        D         E       F
            +---------+---------+-------+---------+---------+-------
      Total |    1186 |     579 |  32.8 |      96 |       6 |   5.9
            +---------+---------+-------+---------+---------+-------
        D:1 |      41 |       0 |   0.0 |      26 |       0 |   0.0
        D:2 |      32 |       0 |   0.0 |      17 |       0 |   0.0
        D:3 |      80 |      39 |  32.8 |      13 |       3 |  18.8
        D:4 |     172 |      43 |  20.0 |      18 |       1 |   5.3
        D:5 |     772 |     497 |  39.2 |      18 |       2 |  10.0
        D:6 |      89 |       0 |   0.0 |       4 |       0 |   0.0
            +---------+---------+-------+---------+---------+-------
